 Dungeon Crawl Stone Soup version 0.31-a0-233-g139696dc86 (webtiles) character file.

Game seed: 8350787285253477456

63 qw the Shooter (level 3, -1/30 HPs)
             Began as a Minotaur Hexslinger on July 8, 2023.
             Slain by an orc
             ... wielding a +0 hand axe
              (6 damage)
             ... on level 2 of the Dungeon.
             The game lasted 00:00:36 (1432 turns).

qw the Shooter (Minotaur Hexslinger)                Turns: 1432, Time: 00:00:37

Health: -1/30      AC:  3    Str: 12    XL:     3   Next: 89%
Magic:  3/3        EV: 12    Int: 10    God:
Gold:   79         SH:  0    Dex: 14    Spells: 3/4 levels left

rFire   . . .        Y - +1 sling
rCold   . . .        (no shield)
rNeg    . . .        d - +0 leather armour
rPois   .            (helmet restricted)
rElec   .            (no cloak)
rCorr   .            (no gloves)
SInv    .            (no boots)
Will    .....        (no amulet)
Stlth   +            (no ring)
HPRegen 0.25/turn    (no ring)
MPRegen 0.08/turn

%: no passive effects
@: no status effects
A: horns 2, retaliatory headbutt
a: no special abilities


You were on level 2 of the Dungeon.
You visited 1 branch of the dungeon, and saw 2 of its levels.

You collected 79 gold pieces.


Innate Abilities, Weirdness & Mutations

You have a pair of horns on your head.
You reflexively headbutt those who attack you in melee.


   Skills:
 - Level 2.3 Fighting
 + Level 4.2 Ranged Weapons
 - Level 2.1 Dodging
 - Level 1.0 Spellcasting
 - Level 2.0 Hexes


You had 3 spell levels left.
You knew the following spells:

 Your Spells              Type           Power      Damage    Failure   Level
a - Slow                  Hex            16%        N/A       19%         1

Your spell library contained the following spells:

 Spells                   Type           Power      Damage    Failure   Level
 Inner Flame              Hex/Fire       2%         N/A       65%         3
 Portal Projectile        Hex/Tloc       4%         N/A       65%         3
 Cause Fear               Hex            2%         N/A       88%         4

Inventory:

Hand Weapons
 Y - a +1 sling (weapon)
Armour
 d - a +0 leather armour (worn)
Scrolls
 a - 2 scrolls of identify {unknown}
 b - a scroll of immolation {unknown}
Potions
 f - a potion of curing

Dungeon Overview and Level Annotations

Branches:
Dungeon (2/15)

Altars:


Message History

The hobgoblin is severely wounded.
The goblin hits you with a +0 dagger. The hobgoblin misses you.
You shoot a sling bullet.
The sling bullet barely misses the hobgoblin.
The sling bullet hits the orc.
The orc is moderately wounded.
The goblin hits you with a +0 dagger. The hobgoblin closely misses you.
You furiously retaliate!
You headbutt the hobgoblin!
You kill the hobgoblin!
The orc picks up some gold.
The goblin completely misses you.
You shoot a sling bullet.
The sling bullet hits the orc but does no damage.
You hear a shout!
The goblin misses you.
The orc throws a stone.
The stone barely misses you.
You shoot a sling bullet.
The sling bullet closely misses the orc.
The goblin hits you but does no damage. The orc barely misses you.
The orc throws a stone.
The stone barely misses you.
You shoot a sling bullet. The sling bullet barely misses the orc.
The goblin hits you but does no damage. The orc barely misses you.
You shoot a sling bullet. The sling bullet barely misses the orc.
The orc hits you with a +0 short sword. The orc misses you.
The goblin barely misses you.
You shoot a sling bullet. The sling bullet hits the orc.
The orc is moderately wounded.
The goblin closely misses you. The orc barely misses you.
The orc hits you with a +0 hand axe. The goblin closely misses you.
The orc hits you with a +0 hand axe. The orc hits you with a +0 short sword.
You shoot a sling bullet. The sling bullet hits the orc.
The orc is heavily wounded.
The goblin misses you. The orc hits you with a +0 short sword.
The orc closely misses you.
You shoot a sling bullet.
The sling bullet closely misses the orc.
The goblin hits you but does no damage. The orc hits you with a +0 short sword.
The orc hits you but does no damage.
You shoot a sling bullet.
The sling bullet closely misses the orc.
The orc hits you with a +0 hand axe.
You die...

#.#........
##.#.#######
########...........
#........##.#######
#.######.##..##
#.............#
#..##.....###.# ##
#..###8#### .# ##.
#o@# ### .# #..
#go# .# #.. ##.? .#
#.. #.#. .# ###
#.#.8 #.# .# #.# ##
#.# ..


You could see 2 orcs and a goblin.

Vanquished Creatures
  A gnoll (D:1)
  A worm (D:2)
  3 dart slugs (D:1)
  4 ball pythons
  2 bats (D:1)
  4 endoplasms (D:1)
  A giant cockroach (D:1)
  3 goblins
  5 hobgoblins
  6 kobolds (D:1)
  3 quokkas
  2 frilled lizards
  7 rats
42 creatures vanquished.

Notes
Turn   | Place    | Note
-------+----------+-------------------------------------------
     0 | D:1      | qw the Minotaur Hexslinger began the quest for the Orb.
     0 | D:1      | Reached XP level 1. HP: 16/16 MP: 1/1
     0 | D:1      | 0 ||| qw: Version: 0.3-a-46-gb1f654a
     0 | D:1      | 0 ||| qw: Game counter: 3497
     0 | D:1      | 0 ||| qw: Melee chars always use a shield: true
     0 | D:1      | 0 ||| qw: God list: Okawaru
     0 | D:1      | 0 ||| qw: Allow faded altars: false
     0 | D:1      | 0 ||| qw: Do Orc after clearing Dungeon:15 true
     0 | D:1      | 0 ||| qw: Do second Lair branch before Depths: true
     0 | D:1      | 0 ||| qw: Lair rune preference: random
     0 | D:1      | 0 ||| qw: Goals: Normal
     0 | D:1      | 0 ||| PLANNING D:1-11
   106 | D:1      | Reached skill level 3 in Ranged Weapons
   120 | D:1      | Reached XP level 2. HP: 15/23 MP: 2/2
   277 | D:1      | Reached XP level 3. HP: 29/30 MP: 3/3
   901 | D:1      | Reached skill level 4 in Ranged Weapons
  1013 | D:1      | 1013 ||| UPGRADING to +0 leather armour.
  1023 | D:1      | 1023 ||| DROPPING +0 robe.
  1024 | D:1      | 1024 ||| READING scroll labelled ZONNAUTUECW.
  1025 | D:1      | 1025 ||| READING scroll labelled ETEIRUUCOA.
  1026 | D:1      | 1026 ||| READING scroll labelled IWNUESOAWEA.
  1081 | D:1      | 1081 ||| READING scroll labelled MIPHIEFYDYMM.
  1082 | D:1      | 1082 ||| DRINKING 2 metallic cyan potions.
  1083 | D:1      | 1083 ||| DRINKING 2 sedimented grey potions.
  1084 | D:1      | 1084 ||| DROPPING scroll of poison.
  1085 | D:1      | 1085 ||| DROPPING potion of attraction.
  1431 | D:2      | HP: 5/30 [orc/+0 short sword (4)]
  1432 | D:2      | Slain by an orc

Levels and vault maps discovered:
D:1:      sevenhm_arrival_forest_fort_large_2, layout_basic,
          hangedman_decor_points, minmay_pentomino_t4
D:2:      layout_loops_ring, shapermc_ecumenical_altar_acropolis,
          grunt_ministairs_4, guppyfry_early_orc_mine

Skill      XL: |  1  2  3 |
---------------+----------+-----
Ranged Weapons | 3 4 |  4.2
Fighting       | 2 |  2.3
Dodging        | |  2.1
Spellcasting   | |  1.0
Hexes          | |  2.0

Action                     || total
---------------------------++-------
   Fire: Sling             ||   159
    Use: Scroll            ||     4
         Potion            ||     2
 Armour: Robe              ||     3
         Leather armour    ||    15
  Dodge: Dodged            ||    41

Table legend:
 A = Non-vault XP
 B = Vault XP
 C = Vault XP percentage of total XP
 D = Non-vault monster count
 E = Vault monster count
 F = Vault count percentage of total count
                 A         B        C        D         E       F
            +---------+---------+-------+---------+---------+-------
      Total |      80 |      11 |  12.1 |      36 |       6 |  14.3
            +---------+---------+-------+---------+---------+-------
        D:1 |      71 |       3 |   4.1 |      32 |       2 |   5.9
        D:2 |       9 |       8 |  47.1 |       4 |       4 |  50.0
            +---------+---------+-------+---------+---------+-------
